Map: Acid Plant LE

Players

Optimus - Winner!

  • Race: Terran Terran
  • Spawn Location: 5:00

Priest

  • Race: Zerg Zerg
  • Spawn Location: 11:00

Event: WCS Austin 2018

VOD

Have the link to the VOD?

Description

Time

  • Played on: June 1, 2018, 3:34 p.m.
  • Length: 6:10

All games in this series

Show
View Real Time Build Order
Export as new Build Order

Optimus Terran - Winner!

Build Orders: Reaper Expand 

Get SALT Encoding   

  12  0:00  SCV  
  13  0:12  SCV  
  14  0:17  Supply Depot  
  14  0:25  SCV  
  15  0:38  SCV  
  15  0:39  Barracks  
  16  0:43  Refinery  
  16  0:50  SCV  
  17  1:03  SCV  
  18  1:15  SCV  
  19  1:27  Orbital Command, Reaper  
  20  1:39  Command Center  
  20  1:47  Supply Depot  
  20  1:52  SCV  
  21  1:59  Marine  
  22  2:03  Factory  
  22  2:06  SCV  
  23  2:11  Refinery  
  23  2:19  Barracks Reactor, SCV  
  24  2:31  SCV  
  25  2:43  SCV  
  26  2:49  Starport  
  26  2:50  Hellion  
  26  2:51  Orbital Command  
  28  2:55  SCV  
  28  2:56  Marine x2  
  31  3:06  Supply Depot  
  31  3:07  SCV  
  32  3:13  Cyclone  
  35  3:22  SCV x2  
  35  3:26  Marine x2  
  39  3:27  Medivac  
  39  3:31  Supply Depot  
  41  3:37  SCV  
  42  3:46  SCV  
  42  3:47  Factory Tech Lab  
  43  3:49  Marine x2, SCV  
  46  3:58  SCV  
  46  4:00  Supply Depot  
  47  4:03  SCV  
  47  4:07  Marine  
  47  4:08  Command Center, Marine  
  50  4:10  Raven  
  50  4:14  SCV  
  50  4:16  SCV  
  54  4:25  Marine x2  
  54  4:26  SCV  
  54  4:28  SCV  
  54  4:30  Barracks, Factory Tech Lab  
  59  4:43  Barracks  
  59  4:45  Marine x2  
  60  4:50  Bunker x2  
  60  4:55  Bunker x2  
  60  4:57  Siege Tank  
  60  4:59  SCV x2  
  58  5:10  Engineering Bay x2  
  58  5:12  SCV x2  
  58  5:17  Starport Reactor  
  59  5:23  Orbital Command  
  59  5:24  SCV  
  59  5:25  SCV  
  59  5:28  Marine  
  61  5:29  Supply Depot, Marine x2  
  61  5:31  Barracks Reactor  
  61  5:35  Refinery  
  63  5:37  SCV x2  
  63  5:38  Refinery  
  65  5:45  Marine  
  65  5:47  Marine x2  
  65  5:49  SCV  
  69  5:50  SCV  
  69  5:54  Supply Depot  
Show
View Real Time Build Order
Export as new Build Order

Priest Zerg 

Build Orders: Hatch First 

Get SALT Encoding   

  12  0:01  Drone  
  13  0:13  Overlord  
  13  0:17  Drone  
  14  0:31  Drone x2  
  16  0:49  Hatchery  
  15  0:52  Drone  
  15  0:56  Drone  
  17  0:59  Drone  
  18  1:06  Extractor  
  17  1:14  Spawning Pool  
  17  1:17  Drone  
  17  1:21  Drone  
  18  1:29  Drone  
  19  1:39  Drone  
  20  1:53  Overlord  
  20  2:01  Queen x2  
  20  2:03  Zergling x4  
  26  2:09  Metabolic Boost  
  26  2:11  Drone  
  26  2:12  Drone  
  28  2:23  Drone x2  
  28  2:28  Spore Crawler  
  29  2:35  Zergling x2  
  30  2:37  Drone  
  30  2:43  Overlord  
  31  2:49  Drone  
  32  2:54  Drone  
  32  2:57  Pneumatized Carapace  
  33  2:59  Drone  
  33  3:05  Drone  
  35  3:24  Drone  
  35  3:25  Drone x4, Queen  
  39  3:42  Zergling x6  
  39  3:47  Zergling x2  
  42  3:50  Queen  
  42  3:54  Overlord x2  
  44  4:03  Evolution Chamber  
  44  4:04  Evolution Chamber  
  44  4:08  Zergling x2  
  44  4:09  Zergling x2  
  44  4:15  Baneling Nest  
  44  4:16  Zergling x6  
  46  4:21  Zergling x4  
  49  4:24  Zergling x6  
  51  4:33  Zergling x4  
  51  4:34  Zergling x6  
  56  4:44  Zergling x4  
  52  5:09  Baneling x8  
  52  5:11  Zergling x12  
  58  5:19  Zergling x4  
  60  5:26  Overlord  
  60  5:34  Baneling x2  
  60  5:42  Hatchery  
  41  5:57  Drone x10  
Tags
 
Add a new tag
Caveats
  • Supply blocks, unpowered buildings, or Contaminate may cause inaccurate times.
  • Supply counts are checked every 10 seconds.